 Dungeon Crawl Stone Soup version 0.17-a0-2014-g32cd421 (webtiles) character file.

787 tp1 the Chopper (level 7, 0/42 HPs)
             Began as a Gargoyle Berserker on Oct 9, 2015.
             Was a Priest of Trog.
             Slain by an orc
             ... wielding a +1 falchion of protection
              (6 damage)
             ... on level 5 of the Dungeon.
             The game lasted 00:13:58 (3792 turns).

tp1 the Chopper (Gargoyle Berserker)                Turns: 3792, Time: 00:13:59

Health: 0/42       AC: 16    Str: 22    XL:     7   Next: 87%
Magic:  7/7        EV: 11    Int:  8    God:    Trog [***...]
Gold:   119        SH:  0    Dex:  9    Spells: 0 memorised, 6 levels left

rFire  . . .     SeeInvis .     r - +0 war axe
rCold  . . .     Clarity  .     n - +4 ring mail
rNeg   + . .     SustAt   .     (no shield)
rPois  ∞         Gourm    .     (no helmet)
rElec  +         Spirit   .     o - +0 cloak
rCorr  .         Warding  .     (no gloves)
rMut   .         Stasis   .     (no boots)
MR     .....                    (no amulet)
Stlth  +.........               (no ring)
                                (no ring)

@: exhausted, slowed, very slow, not resistant to hostile enchantments, very
unstealthy
A: negative energy resistance 1, electricity resistance, unbreathing,
petrification resistance, rot immunity, AC +4
a: Burn Spellbooks, Berserk, Trog's Hand, Renounce Religion


You were on level 5 of the Dungeon.
You worshipped Trog.
Trog was most pleased with you.
You were hungry.

You visited 1 branch of the dungeon, and saw 5 of its levels.

You collected 119 gold pieces.

Inventory:

Hand Weapons
 a - a +0 hand axe
 p - a +0 mace
 r - a +0 war axe (weapon)
 z - a +0 flail
Armour
 n - a +4 ring mail (worn)
 o - a +0 cloak (worn)
Jewellery
 u - an uncursed ring of fire {unknown}
Wands
 q - a wand of fire (10)
Scrolls
 b - 2 scrolls of recharging {unknown}
 d - 3 scrolls of teleportation {unknown}
 e - 2 scrolls of immolation {unknown}
 f - 3 scrolls of remove curse {unknown}
 g - a scroll of enchant weapon {unknown}
 i - 4 scrolls of identify {unknown}
 j - 5 scrolls of noise {unknown}
 x - a scroll of fog {unknown}
 y - a scroll of fear {unknown}
Potions
 h - 2 potions of lignification {unknown}
 k - a potion of poison {unknown}
 l - 3 potions of haste {unknown}
 m - 2 potions of agility {unknown}
 s - a potion of flight {unknown}
 t - 2 potions of brilliance {unknown}
 w - 2 potions of curing {unknown}
 B - a potion of cancellation {unknown}
 C - a potion of heal wounds {unknown}
Comestibles
 c - 2 bread rations
 A - 2 meat rations
 D - a slice of pizza


   Skills:
 + Level 3.9 Fighting
 + Level 6.2(6.3) Axes
 + Level 1.3(4.5) Maces & Flails
 - Level 5.1 Armour
 - Level 1.5 Dodging
 - Level 3.1 Stealth


You had 6 spell levels left.
You didn't know any spells.

Dungeon Overview and Level Annotations

Branches:
Dungeon (5/15)             Temple (0/1) D:4

Altars:
Makhleb
Vehumet


Innate Abilities, Weirdness & Mutations

You are resistant to torment.
Your stone body is resilient (AC +4).
You are immune to poison.
You resist negative energy.
You are resistant to electric shocks.
You can survive without breathing.
You are immune to petrification.
You are immune to rotting.


Message History

The orc wizard misses you.
You're too confused to move!
You feel a strong urge to attack something.
The orc wizard barely misses you.
You feel your anger subside.
The orc wizard hits you but does no damage.
The orc barely misses you.
You're too confused to move!
You are no longer berserk.
You are exhausted.
You feel yourself slow down.
You are feeling hungry.
The orc wizard casts a spell at you. The puff of flame hits you!
* * * LOW HITPOINT WARNING * * *
You bump into the rock wall.
You feel less confused. The orc barely misses you. The orc closely misses you.
The orc wizard barely misses you.
The orc hits you with a falchion of protection.
You die...

.....................
.....................#
#.................#.<.
##..........##...##.## .
##.###.>.####..... ###..
#.. ##..# #...####... ...#
#..# #.#......# ...
##..####..##..# ...
#........o@†..## ..
#.^....#..oo#..#####
#......#...).......#
...####......##.#####......
.............#### .....
########.##### .... #.# ...
#.# .. ####.##### .


You could see an orc wizard and 2 orcs.

Vanquished Creatures
  Purgy (D:3)
  A phantom (D:5)
  A sky beast (D:5)
  An ogre (D:4)
  A giant frog zombie (D:3)
  2 hounds (D:4)
  A jelly (D:5)
  Ijyb (D:2)
  An orc wizard (D:4)
  A giant frog skeleton (D:4)
  An orc priest (D:5)
  A worker ant (D:4)
  A worker ant zombie (D:5)
  4 gnolls (D:4)
  5 adders
  2 oozes
  2 worms
  An adder skeleton (D:4)
  A giant gecko (D:2)
  9 orcs
  A giant cockroach (D:2)
  2 goblins (D:1)
  6 hobgoblins
  6 jackals
  6 kobolds
  3 ball pythons
  4 bats
  A giant gecko skeleton (D:4)
  5 giant newts
  A quokka (D:2)
  3 rats
76 creatures vanquished.

Notes
Turn   | Place    | Note
--------------------------------------------------------------
     0 | D:1      | tp1 the Gargoyle Berserker began the quest for the Orb.
     0 | D:1      | Reached XP level 1. HP: 14/14 MP: 1/1
   220 | D:1      | Reached skill level 1 in Stealth
   444 | D:1      | Reached XP level 2. HP: 19/19 MP: 2/2
  1001 | D:2      | Reached XP level 3. HP: 14/23 MP: 3/3
  1014 | D:2      | Noticed Ijyb
  1024 | D:2      | Killed Ijyb
  1163 | D:2      | Reached XP level 4. HP: 17/28 MP: 4/4
  1331 | D:2      | Acquired Trog's second power
  1468 | D:2      | Found a radiant altar of Vehumet.
  1468 | D:2      | Found a burning altar of Makhleb.
  2012 | D:3      | Noticed Purgy
  2025 | D:3      | Killed Purgy
  2025 | D:3      | Reached skill level 4 in Armour
  2025 | D:3      | Reached XP level 5. HP: 32/32 MP: 5/5
  2166 | D:3      | Reached skill level 5 in Armour
  2166 | D:3      | Reached XP level 6. HP: 24/37 MP: 6/6
  3122 | D:4      | Reached XP level 7. HP: 39/41 MP: 7/7
  3174 | D:4      | Reached skill level 5 in Axes
  3229 | D:4      | Found a staircase to the Ecumenical Temple.
  3565 | D:5      | Entered Level 5 of the Dungeon
  3624 | D:5      | Reached skill level 1 in Maces & Flails
  3698 | D:5      | Reached skill level 6 in Axes
  3792 | D:5      | Slain by an orc

Vault maps used:
D:1:      evilmike_arrival_run_for_it
D:2:      gammafunk_temple_overflow_elements, hangedman_decor_points,
          serial_bayou_lagoon_a, uniq_iyjb
D:3:      uniq_purgy
D:4:      minmay_temple_entry_trees, first_bread
D:5:      minmay_goblin_kobold_castle

Action                   |  1- 3 |  4- 6 |  7- 9 || total
-------------------------+-------+-------+-------++-------
Melee: Hand axe          |    65 |   139 |       ||   204
       War axe           |       |    33 |    81 ||   114
       Mace              |       |     6 |       ||     6
Invok: Berserk           |     1 |     4 |     2 ||     7
       Trog's Hand       |       |     1 |       ||     1
 Stab: Sleeping          |     3 |     1 |     1 ||     5
  Eat: Chunk             |       |    13 |     3 ||    16
